Cogmind - Beta 14 @@@ ROGUE MODE // 2025.01.04 @ 01:35:07 Player: Mathewnd Result: Destroyed by H-88 Terminator with KE Penetrator Performance ------------- Evolutions (9) 4500 Regions Visited (30) 6000 Robots Destroyed (161) 805 Value Destroyed (4901) 4901 Prototype IDs (61) 1220 Alien Tech Used (1) 200 Bonus (14109) 14109 TOTAL SCORE: 31735 Bonus ------- High Alert Combat Kills 80 Follower Combat Kills 1617 Met Data Miner 300 Met Zhirov 300 Met Warlord at Base 500 MAIN.C Attacked Warlord 500 Built Enhanced Grunts 300 Met Warlord at Research 2000 Invited to Help at Command 2000 Met MAIN.C 5000 Met Warlord at Command 2000 Friendly Fire -488 Cogmind --------- Core Integrity 0/1600 Matter 297/300 Energy 99/100 System Corruption 18% Temperature Cool (0) Movement Core (50) Location -1/Command Parts ------- > --- POWER (2) -------- (None) > --- PROPULSION (8) --- (None) > --- UTILITY (13) ----- Spectral Analyzer Advanced Signal Interpreter System Shield > --- WEAPON (2) ------- (None) > --- INVENTORY (5) ---- Long-range Sensor Array Long-range Sensor Array Fusion Bomb Launcher Peak State ------------ > --- POWER ------------ Neutrino Core Micro Antimatter Reactor > --- PROPULSION ------- Improved VTOL Module Nuclear Pulse Thruster Impulse Thruster Electron Diverter Cooled Impulse Thruster Cooled Impulse Thruster Impulse Thruster Array > --- UTILITY ---------- Advanced Heat Sink Spectral Analyzer Long-range Sensor Array Advanced Signal Interpreter Experimental Target Analyzer ECM Suite Improved Cloaking Device Improved Hacking Suite Advanced Hacking Suite Advanced Hacking Suite Advanced Hacking Suite System Mapper System Shield > --- WEAPON ----------- Chainsword > --- INVENTORY -------- Xenon Bombardment Thruster Xenon Bombardment Thruster Nuclear Pulse Thruster Long-range Sensor Array Phase Shifter [Rating: 157] Favorites ----------- Power Micro Antimatter Reactor Engine Heavy Ion Engine Power Core Light Fission Core Reactor Micro Antimatter Reactor Propulsion Light Treads Treads Light Treads Leg Myomer Leg Wheel Wheel Hover Unit Gravmag System Flight Unit Cesium-ion Thruster Utility Improved Hacking Suite Device Long-range Sensor Array Storage Huge Storage Unit Processor Improved Signal Interpreter Hackware Improved Hacking Suite Protection Improved Light Armor Plating Weapon Chainsword Energy Gun Backup Laser III Energy Cannon Vortex Driver Ballistic Gun Heavy Assault Rifle Ballistic Cannon Light Cannon Launcher Rocket Array Slashing Weapon Chainsword Piercing Weapon Heavy Pick Special Melee Weapon Improved Datajack Build | -11 -10 -9 -9 -8 -7 -7 -7 -7 -6 -6 -6 -6 -6 -5 -5 -5 -5 -4 -4 -4 -4 -4 -4 -4 -3 -3 -3 -2 -1 -1 ------- Run | Yrd Mat Mat Sto Mat Fac Low Low Dat Pro Fac Ext Cet Arc Fac Upp Upp War Pro Fac Was Fac Upp Upp Zhi Pro Res Tes Res Acc Com Slots Evolved 18 | . . 2 . 2 2 . . . . 2 . . . 2 . . . . 2 . . . . . . 2 . 2 2 . Power 1 | . . . . . . . . . . . . . . 1 . . . . . . . . . . . . . . . . Propulsion 6 | . . 1 . 1 1 . . . . 1 . . . . . . . . . . . . . . . . . 1 1 . Utility 11 | . . 1 . 1 1 . . . . 1 . . . 1 . . . . 2 . . . . . . 2 . 1 1 . Weapon . | . . . . . . . . . . . . . . . . . . . . . . . . . . . . . . . Parts Attached 231 | 6 5 27 3 27 16 . . . 4 10 23 1 10 5 1 2 11 2 7 1 5 11 . 7 1 7 10 9 4 16 Power 27 | 1 . 1 1 . 1 . . . 1 . 3 . . . . . 5 . . . 1 4 . 1 1 2 . 1 1 3 Engine 5 | 1 . 1 1 . . . . . . . . . . . . . 2 . . . . . . . . . . . . . Core 9 | . . . . . 1 . . . 1 . 3 . . . . . 1 . . . 1 1 . . . . . . . 1 Reactor 13 | . . . . . . . . . . . . . . . . . 2 . . . . 3 . 1 1 2 . 1 1 2 Propulsion 78 | 2 1 5 1 11 6 . . . . 8 7 . 5 . . . 5 . 2 . 2 1 . 3 . 2 7 1 1 8 Treads 18 | 2 . 4 1 11 . . . . . . . . . . . . . . . . . . . . . . . . . . Leg 2 | . . . . . . . . . . . 2 . . . . . . . . . . . . . . . . . . . Wheel 3 | . 1 1 . . . . . . . . 1 . . . . . . . . . . . . . . . . . . . Hover 10 | . . . . . . . . . . . . . 5 . . . . . . . . . . 3 . 2 . . . . Flight 45 | . . . . . 6 . . . . 8 4 . . . . . 5 . 2 . 2 1 . . . . 7 1 1 8 Utility 63 | 1 2 4 1 5 6 . . . 2 1 2 . 4 4 . 1 . . 5 1 2 2 . 3 . 3 2 6 1 5 Device 29 | . . . . 1 2 . . . 1 . 1 . 1 3 . . . . 3 1 1 2 . 2 . 2 1 4 . 4 Storage 4 | 1 1 . . . 1 . . . . . . . . . . 1 . . . . . . . . . . . . . . Processor 9 | . 1 2 1 2 . . . . . . . . . . . . . . 1 . . . . . . . 1 1 . . Hackware 13 | . . . . . 1 . . . 1 1 . . 3 1 . . . . 1 . 1 . . 1 . 1 . 1 1 . Protection 8 | . . 2 . 2 2 . . . . . 1 . . . . . . . . . . . . . . . . . . 1 Artifact . | . . . . . . . . . . . . . . . . . . . . . . . . . . . . . . . Weapon 63 | 2 2 17 . 11 3 . . . 1 1 11 1 1 1 1 1 1 2 . . . 4 . . . . 1 1 1 . Energy Gun 2 | 1 . 1 . . . . . . . . . . . . . . . . . . . . . . . . . . . . Energy Cannon 1 | . . . . . . . . . . . . . . . . . 1 . . . . . . . . . . . . . Ballistic Gun 12 | 1 . 4 . 7 . . . . . . . . . . . . . . . . . . . . . . . . . . Ballistic Cannon 9 | . 2 6 . . . . . . . . 1 . . . . . . . . . . . . . . . . . . . Launcher 25 | . . 6 . 4 . . . . . . 6 1 . . 1 1 . 2 . . . 3 . . . . . 1 . . Special Weapon . | . . . . . . . . . . . . . . . . . . . . . . . . . . . . . . . Impact Weapon . | . . . . . . . . . . . . . . . . . . . . . . . . . . . . . . . Slashing Weapon 10 | . . . . . 2 . . . 1 . 2 . 1 1 . . . . . . . 1 . . . . 1 . 1 . Piercing Weapon 3 | . . . . . . . . . . 1 2 . . . . . . . . . . . . . . . . . . . Special Melee Weapon 1 | . . . . . 1 . . . . . . . . . . . . . . . . . . . . . . . . . Unidentified Prototypes 18 | . . . 1 . . . . . . . 2 . . . . . 3 . 4 1 . . . 3 . 1 2 1 . . Parts Lost 88 | . . 7 1 8 . 1 . . 3 . 18 . . . . . 1 . 2 . 4 5 . . . 1 1 . 3 33 Power 13 | . . 1 . . . . . . 1 . 3 . . . . . 1 . . . 1 . . . . . . . 2 4 Propulsion 37 | . . 3 . 4 . . . . . . 9 . . . . . . . 1 . 2 3 . . . . . . . 15 Utility 28 | . . 2 1 2 . . . . 2 . 2 . . . . . . . 1 . 1 2 . . . . 1 . 1 13 Weapon 10 | . . 1 . 2 . 1 . . . . 4 . . . . . . . . . . . . . . 1 . . . 1 Highest Loss Streak 21 | . . 3 1 2 . 1 . . 3 . 11 . . . . . 1 . 2 . 2 4 . . . 1 1 . 1 21 To Critical Strikes . | . . . . . . . . . . . . . . . . . . . . . . . . . . . . . . . Average Slot Usage (%) 82 | . 90 95 99 97 96 94 92 92 89 91 58 60 82 81 82 82 79 83 82 78 74 63 63 65 68 72 69 83 86 85 Engine 3 | . 14 11 10 9 . . . . . . . . . . . . . . . . . . . . . . . . . . Core 1 | . . . . . 6 7 7 7 5 6 1 6 6 5 5 5 4 . . . 3 1 . . . . . . . 2 Reactor 1 | . . . . . . . . . . . . . . . . . . 5 5 5 1 . . . . 4 4 7 6 4 Treads 8 | . 16 23 33 35 2 . . . . . . . . . . . . . . . . . . . . . . . . . Wheel 1 | . 11 9 . . . . . . . . 1 . . . . . . . . . . . . . . . . . . . Hover 3 | . . . . . . . . . . . . . 17 29 29 29 9 . . . . . . 5 15 18 1 . . . Flight 11 | . . . . . 33 38 38 38 38 31 9 . . . . . 15 29 26 26 25 17 15 11 . . 18 25 28 26 Device 5 | . . . . 1 6 7 7 7 4 6 3 6 1 5 5 . . . 4 5 8 6 5 5 5 4 6 15 15 12 Storage 5 | . 14 11 11 9 7 7 7 7 7 6 4 . . . . 4 5 5 5 5 5 5 5 5 5 4 1 . . . Processor 10 | . 5 10 20 18 8 7 7 7 7 6 6 6 6 5 5 5 5 5 9 10 10 10 10 10 10 9 9 13 12 11 Hackware 13 | . . . . . 6 7 7 7 7 19 18 13 23 23 23 23 23 23 24 21 17 16 15 16 21 23 23 21 23 22 Protection 2 | . . 7 . 5 5 7 7 7 5 . . 6 6 5 5 5 5 5 . . . . . . . . . . . 2 Ballistic Gun 3 | . 3 8 22 17 1 . . . . . . . . . . . . . . . . . . . . . . . . . Ballistic Cannon 2 | . 23 12 . . . . . . . . . 6 . . . . . . . . . . . . . . . . . . Launcher 1 | . . . . . . . . . . . 1 5 5 . . . . 1 . . . 2 5 5 5 . . . . . Slashing Weapon 2 | . . . . . 10 7 7 7 9 6 3 . 5 4 5 5 5 5 5 5 1 3 5 5 5 4 . . . 3 Peak Build Rating 157 | 6 9 19 21 30 39 38 35 35 39 45 47 40 62 62 67 65 89 89 108 116 109 108 70 99 90 135 127 154 155 157 Average Rating 63 | 3 7 13 20 27 36 36 35 35 35 42 29 39 54 58 62 60 74 84 105 107 105 74 70 75 83 113 105 141 150 145 On Entrance 62 | . 6 9 19 21 30 38 35 35 35 39 44 39 40 55 62 62 61 84 84 106 107 96 70 70 83 84 127 115 145 146 Naked Turns . | . . . . . . . . . . . . . . . . . . . . . . . . . . . . . . . Heaviest Build 101 | 14 91 98 101 99 94 22 21 21 22 21 30 27 27 16 23 33 38 38 39 39 41 47 31 32 32 48 48 30 30 35 Greatest Support 83 | 40 40 63 63 83 80 25 25 25 25 26 26 25 45 45 45 45 45 39 41 41 41 38 19 33 33 74 74 50 40 59 Greatest Overweight (x) 9 | . 9 9 1 1 1 . . . . . 5 1 1 . . . 1 . . . 1 1 1 2 . . . . . 1 Average Overweight (x) . | . 6 8 1 1 . . . . . . . . . . . . . . . . . . 1 . . . . . . . Largest Inventory Capacity 25 | 8 25 25 25 25 25 10 10 10 10 10 10 5 5 5 5 15 15 15 15 15 15 15 15 15 15 15 15 5 5 5 Average Capacity 14 | 7 21 25 25 25 11 10 10 10 10 10 8 5 5 5 5 14 15 15 15 15 15 15 15 15 15 15 9 5 5 5 Most Carried 25 | 8 21 25 25 25 24 9 10 10 10 10 10 5 5 5 5 12 15 14 14 14 15 15 15 15 15 15 15 5 4 5 Average Carried 12 | 5 13 23 24 24 10 9 9 10 9 8 6 5 4 4 4 10 13 13 12 13 14 11 15 14 15 14 8 4 3 4 Final Capacity 25 | 8 25 25 25 25 10 10 10 10 10 10 5 5 5 5 5 15 15 15 15 15 15 15 15 15 15 15 5 5 5 5 Final Carried 25 | 6 21 25 25 24 9 9 10 10 8 10 5 5 5 5 5 12 14 14 13 14 12 15 15 15 15 15 4 5 3 3 Class Distribution -------------------- 29% | Mutant 28% | Hacker-Mutant 8% | Wizard-Scout 8% | Hacker-Sprinter 7% | Wizard-Ninja 4% | Commander-Mutant 3% | Sprinter 3% | Scavenger-Mutant 3% | Wizard-Sprinter Dominant Class ---------------- Mutant | -10/Materials Mutant | -9/Materials Mutant | -9/Storage Mutant | -8/Materials Sprinter | -7/Factory Sprinter | -7/Lower Caves Sprinter | -7/Lower Caves Sprinter | -7/Data Miner Sprinter | -6/Proximity Caves Hacker-Sprinter | -6/Factory Hacker-Mutant | -6/Extension Commander-Mutant | -6/Cetus Hacker-Mutant | -6/Archives Hacker-Mutant | -5/Factory Hacker-Mutant | -5/Upper Caves Hacker-Mutant | -5/Upper Caves Hacker-Sprinter | -5/Warlord Hacker-Sprinter | -4/Proximity Caves Wizard-Sprinter | -4/Factory Hacker-Sprinter | -4/Waste Hacker-Sprinter | -4/Factory Hacker-Mutant | -4/Upper Caves Hacker-Mutant | -4/Upper Caves Hacker-Mutant | -4/Zhirov Hacker-Mutant | -3/Proximity Caves Wizard-Mutant | -3/Research Wizard-Sprinter | -3/Testing Wizard-Scout | -2/Research Wizard-Scout | -1/Access Wizard-Ninja | -1/Command Resources | -11 -10 -9 -9 -8 -7 -7 -7 -7 -6 -6 -6 -6 -6 -5 -5 -5 -5 -4 -4 -4 -4 -4 -4 -4 -3 -3 -3 -2 -1 -1 ----------- Run | Yrd Mat Mat Sto Mat Fac Low Low Dat Pro Fac Ext Cet Arc Fac Upp Upp War Pro Fac Was Fac Upp Upp Zhi Pro Res Tes Res Acc Com Matter Collected 4459 | 210 242 831 291 719 217 41 . . 30 109 373 64 172 10 70 40 105 23 . . . 186 27 43 195 . . 311 . 150 Remotely . | . . . . . . . . . . . . . . . . . . . . . . . . . . . . . . . Salvage Created 5099 | . 200 817 670 948 15 . . . . 78 959 72 326 86 50 106 . 124 42 . . 333 23 43 143 . . . . 64 Parts 279 | . 17 55 39 61 2 . . . . 6 34 2 26 2 3 2 . 6 3 . . 11 2 . 3 . . . . 5 Haulers Intercepted 5 | . . 4 . . . . . . . . . . . 1 . . . . . . . . . . . . . . . . Recyclers Shooed 2 | . . . . 2 . . . . . . . . . . . . . . . . . . . . . . . . . . Parts Field Recycled . | . . . . . . . . . . . . . . . . . . . . . . . . . . . . . . . Retrieved Matter . | . . . . . . . . . . . . . . . . . . . . . . . . . . . . . . . Parts Self-Destructed 35 | . . . . . . . . . . . . . . . 19 4 . 4 . . . 6 . . 2 . . . . . Prevented 1 | . . . . . . . . . . . . . . . . 1 . . . . . . . . . . . . . . Kills | -11 -10 -9 -9 -8 -7 -7 -7 -7 -6 -6 -6 -6 -6 -5 -5 -5 -5 -4 -4 -4 -4 -4 -4 -4 -3 -3 -3 -2 -1 -1 ------- Run | Yrd Mat Mat Sto Mat Fac Low Low Dat Pro Fac Ext Cet Arc Fac Upp Upp War Pro Fac Was Fac Upp Upp Zhi Pro Res Tes Res Acc Com Combat Hostiles Destroyed 112 | . 7 27 11 24 . . . . . 1 14 . . . 1 5 . 6 . . . 15 . . . . . . . 1 Melee 9 | . . . . . . . . . . 1 7 . . . . . . . . . . . . . . . . . . 1 Guns 33 | . . 3 11 19 . . . . . . . . . . . . . . . . . . . . . . . . . . Cannons 21 | . 7 14 . . . . . . . . . . . . . . . . . . . . . . . . . . . . AOE 49 | . . 10 . 5 . . . . . . 7 . . . 1 5 . 6 . . . 15 . . . . . . . . Classes Destroyed 14 | . 3 8 . 1 . . . . . 1 . . . . . 1 . . . . . . . . . . . . . . Worker 5 | . . 3 1 1 . . . . . . . . . . . . . . . . . . . . . . . . . . Builder 2 | . . 1 . . . . . . . . 1 . . . . . . . . . . . . . . . . . . . Hauler 5 | . . 4 . . . . . . . . . . . 1 . . . . . . . . . . . . . . . . Recycler 7 | . . 2 2 1 . . . . . . 2 . . . . . . . . . . . . . . . . . . . Minesweeper 2 | . . . . . . . . . . . . . . . . 1 . . . . . 1 . . . . . . . . Operator 13 | . . 1 1 1 1 . . . . . . . 9 . . . . . . . . . . . . . . . . . Watcher 13 | . 2 5 1 1 . . . . . 1 1 1 . . . . . . 1 . . . . . . . . . . . Swarmer 40 | . 3 11 . 5 . . . . . . . . . . . 5 . 6 . . . 10 . . . . . . . . Grunt 49 | . 4 10 9 12 . . . . . . 9 . . . 1 . . . . . . 4 . . . . . . . . Brawler 2 | . . 1 . 1 . . . . . . . . . . . . . . . . . . . . . . . . . . Duelist 3 | . . 1 . 1 . . . . . . 1 . . . . . . . . . . . . . . . . . . . Sentry 14 | . . 4 2 4 . . . . . . 3 . . . . . . . . . . 1 . . . . . . . . Hunter 2 | . . . . 1 . . . . . . 1 . . . . . . . . . . . . . . . . . . . Programmer 2 | . . . . . . . . . . 1 . . . . . . . . . . . . . . . . . . . 1 Decomposer 2 | . . . . . . . . . . . . . . . . . . . . . . 1 1 . . . . . . . Savage 1 | . . . . . . . . . . . 1 . . . . . . . . . . . . . . . . . . . Butcher 1 | . . . . . . . . . . . . 1 . . . . . . . . . . . . . . . . . . Best Kill Streak 7 | . 4 6 5 5 1 . . . . 1 7 1 7 1 1 5 . 6 1 . . 5 . . . . . . . 1 Combat Bots Only 6 | . 4 4 4 5 . . . . . 1 5 . . . 1 5 . 6 . . . 5 . . . . . . . 1 Max Kills in Single Turn 6 | . 1 6 1 3 1 . . . . 1 3 1 1 1 1 5 . 4 1 . . 4 1 . . . . . . 1 Gunslinging . | . . . . . . . . . . . . . . . . . . . . . . . . . . . . . . . Exploded 5 | . . 4 . 3 . . . . . . 2 . . . 1 5 . 4 . . . 4 . . . . . . . . Melee 1 | . . . . . . . . . . 1 1 . . . . . . . . . . . . . . . . . . 1 Uniques/NPCs Destroyed . | . . . . . . . . . . . . . . . . . . . . . . . . . . . . . . . Combat | -11 -10 -9 -9 -8 -7 -7 -7 -7 -6 -6 -6 -6 -6 -5 -5 -5 -5 -4 -4 -4 -4 -4 -4 -4 -3 -3 -3 -2 -1 -1 -------- Run | Yrd Mat Mat Sto Mat Fac Low Low Dat Pro Fac Ext Cet Arc Fac Upp Upp War Pro Fac Was Fac Upp Upp Zhi Pro Res Tes Res Acc Com Hostile Shots Fired 1089 | . 22 149 39 201 8 34 1 . 16 19 186 2 . . 2 12 21 9 39 . 30 48 . . . 12 32 2 39 166 Missed 455 | . 2 46 17 52 5 22 . . 10 14 67 . . . 2 7 11 6 21 . 15 18 . . . 8 17 1 27 87 Damage Taken 11435 | . 185 1244 263 2038 124 212 16 . 174 98 1629 68 . . 52 24 189 95 367 . 297 579 . . . 167 166 . 369 3079 Core 3448 | . 37 188 38 182 48 72 . . 15 21 671 . . . . . 20 . 103 . 152 162 . . . 49 86 . 43 1561 Absorbed by Shields 222 | . . . . 204 . . . . . . 18 . . . . . . . . . . . . . . . . . . . Redirected to Shielding 108 | . . . . . 25 40 10 . 33 . . . . . . . . . . . . . . . . . . . . . Regen/Repaired (Parts) 336 | . . 93 . . 42 . . . . 56 . . . 133 . . 12 . . . . . . . . . . . . . Core Remaining (%) 74 | 100 85 . 43 66 . . . . 80 . . . 18 . . . . 98 . . . . . . 63 . 89 100 . . Volleys Fired 236 | . 18 84 37 69 . . . . . . 13 2 . . 1 1 . 2 . . . 9 . . . . . . . . Largest 2 | . 2 2 2 2 . . . . . . 2 2 . . 1 1 . 1 . . . 1 . . . . . . . . Hottest 93 | . 70 70 46 60 . . . . . . 78 93 . . 45 45 . 45 . . . 45 . . . . . . . . Shots Fired 448 | . 36 166 74 138 . . . . . . 17 4 . . 1 1 . 2 . . . 9 . . . . . . . . Gun 231 | . 2 22 74 133 . . . . . . . . . . . . . . . . . . . . . . . . . . Cannon 170 | . 34 134 . . . . . . . . . 2 . . . . . . . . . . . . . . . . . . Launcher 47 | . . 10 . 5 . . . . . . 17 2 . . 1 1 . 2 . . . 9 . . . . . . . . Special . | . . . . . . . . . . . . . . . . . . . . . . . . . . . . . . . Kinetic 399 | . 36 154 74 133 . . . . . . . 2 . . . . . . . . . . . . . . . . . . Thermal 2 | . . 2 . . . . . . . . . . . . . . . . . . . . . . . . . . . . Explosive 47 | . . 10 . 5 . . . . . . 17 2 . . 1 1 . 2 . . . 9 . . . . . . . . Electromagnetic . | . . . . . . . . . . . . . . . . . . . . . . . . . . . . . . . Robot Hit Streak 17 | . 4 17 11 15 . . . . . . 12 4 . . . 1 . . . . . 9 . . . . . . . . Robot Miss Streak 5 | . 2 5 3 4 . . . . . . 1 2 . . . 2 . . . . . 3 . . . . . . . . Penetration Max 1 | . . . . . . . . . . . . 1 . . . . . . . . . . . . . . . . . . Secondary Targets 3 | . . . 1 2 . . . . . . . . . . . . . . . . . . . . . . . . . . Max Gunslinging Chain 1 | . . . 1 1 . . . . . . . . . . . . . . . . . . . . . . . . . . Shots Hit Robots 377 | . 18 109 50 113 3 . . . . 4 32 3 11 5 . 7 1 1 4 . . 7 1 1 3 . . . . 4 Core Hits 327 | . 10 51 23 58 1 . . . . 2 59 31 8 2 6 7 . 11 1 . . 55 . . . . . . . 2 Critical Kills . | . . . . . . . . . . . . . . . . . . . . . . . . . . . . . . . Critical Parts Destroyed . | . . . . . . . . . . . . . . . . . . . . . . . . . . . . . . . Critical Strikes 16 | . 2 4 . . . . . . . 1 6 . . 1 . 1 . . 1 . . . . . . . . . . . Blast 6 | . 2 4 . . . . . . . . . . . . . . . . . . . . . . . . . . . . Sever 7 | . . . . . . . . . . . 4 . . 1 . 1 . . 1 . . . . . . . . . . . Impale 3 | . . . . . . . . . . 1 2 . . . . . . . . . . . . . . . . . . . Melee Attacks 120 | . . . . . 7 1 . . 2 12 34 . 11 8 . 8 1 1 15 . . 3 1 1 3 1 1 . . 10 Impact . | . . . . . . . . . . . . . . . . . . . . . . . . . . . . . . . Slashing 97 | . . . . . 7 1 . . 2 3 20 . 11 8 . 8 1 1 15 . . 3 1 1 3 1 1 . . 10 Piercing 23 | . . . . . . . . . . 9 14 . . . . . . . . . . . . . . . . . . . Sneak Attacks 20 | . . . . . . . . . . . 4 . 9 1 . 1 . . 1 . . 2 1 . . . . . . 1 Combat Hostiles 4 | . . . . . . . . . . . 3 . . . . . . . . . . . . . . . . . . 1 Follow-up Attacks 3 | . . . . . . . . . . 2 1 . . . . . . . . . . . . . . . . . . . Damage Inflicted 14459 | . 320 2748 712 2681 142 . . . . 139 2691 516 909 215 289 547 34 319 209 . . 1403 73 85 227 . . . . 200 Guns 3003 | . 15 254 712 2022 . . . . . . . . . . . . . . . . . . . . . . . . . . Cannons 1998 | . 305 1632 . . . . . . . . . 61 . . . . . . . . . . . . . . . . . . Explosions 5595 | . . 862 . 659 . . . . . . 1601 455 . . 289 274 . 235 . . . 1220 . . . . . . . . Melee 3860 | . . . . . 142 . . . . 139 1090 . 909 215 . 273 34 84 209 . . 183 73 85 227 . . . . 197 Ramming 3 | . . . . . . . . . . . . . . . . . . . . . . . . . . . . . . 3 Kinetic 4976 | . 320 1861 712 2022 . . . . . . . 61 . . . . . . . . . . . . . . . . . . Thermal 25 | . . 25 . . . . . . . . . . . . . . . . . . . . . . . . . . . . Explosive 5595 | . . 862 . 659 . . . . . . 1601 455 . . 289 274 . 235 . . . 1220 . . . . . . . . Electromagnetic . | . . . . . . . . . . . . . . . . . . . . . . . . . . . . . . . Impact . | . . . . . . . . . . . . . . . . . . . . . . . . . . . . . . . Slashing 3394 | . . . . . 142 . . . . 69 694 . 909 215 . 273 34 84 209 . . 183 73 85 227 . . . . 197 Piercing 466 | . . . . . . . . . . 70 396 . . . . . . . . . . . . . . . . . . . Highest Corruption 18 | . . . . . 1 1 1 1 1 5 5 5 5 . . . . . 3 3 3 . . . . . . . . 18 Average Corruption 3 | . . . . . 1 1 1 1 1 1 5 5 4 . . . . . 2 3 2 . . . . . . . . 5 Corruption Purged 11 | . . . . . 1 . . . . . . . 5 . . . . . 2 . 3 . . . . . . . . . Corruption Blocked . | . . . . . . . . . . . . . . . . . . . . . . . . . . . . . . . Effects 53 | . . . . . 1 . . . 1 5 23 8 2 . . . . . . 1 5 . . . . . . . . 7 Message Errors 8 | . . . . . . . . . 1 . 4 3 . . . . . . . . . . . . . . . . . . Matter Fused 13 | . . . . . 1 . . . . 2 2 1 1 . . . . . . 1 2 . . . . . . . . 3 Heat Flow Errors 11 | . . . . . . . . . . 1 5 2 . . . . . . . . . . . . . . . . . 3 Energy Discharges 10 | . . . . . . . . . . 1 5 1 1 . . . . . . . 2 . . . . . . . . . Parts Rejected 1 | . . . . . . . . . . . 1 . . . . . . . . . . . . . . . . . . . Data Loss (minor) 4 | . . . . . . . . . . . 3 . . . . . . . . . . . . . . . . . . 1 Data Loss (major) 4 | . . . . . . . . . . 1 2 . . . . . . . . . 1 . . . . . . . . . Alerts 2 | . . . . . . . . . . . 1 1 . . . . . . . . . . . . . . . . . . Overload Shots . | . . . . . . . . . . . . . . . . . . . . . . . . . . . . . . . Overflow Damage 728 | . 7 28 . 67 49 . . . . . 39 . 148 . . 69 . 2 17 . . 31 62 60 149 . . . . . Projectiles 13 | . 7 6 . . . . . . . . . . . . . . . . . . . . . . . . . . . . Explosions 112 | . . 22 . 67 . . . . . . 7 . . . . . . 2 . . . 14 . . . . . . . . Melee 603 | . . . . . 49 . . . . . 32 . 148 . . 69 . . 17 . . 17 62 60 149 . . . . . Knockbacks 20 | . 5 15 . . . . . . . . . . . . . . . . . . . . . . . . . . . . Impact . | . . . . . . . . . . . . . . . . . . . . . . . . . . . . . . . Kinetic 18 | . 3 15 . . . . . . . . . . . . . . . . . . . . . . . . . . . . Secondary 2 | . 2 . . . . . . . . . . . . . . . . . . . . . . . . . . . . . Self-Inflicted Damage 161 | . . . . . . . . . . . 69 . . . 36 . . 19 . . . 36 . . . . . . . 1 Shots 8 | . . . . . . . . . . . 3 . . . 2 . . 1 . . . 2 . . . . . . . . Rammed 1 | . . . . . . . . . . . . . . . . . . . . . . . . . . . . . . 1 Targets Rammed 1 | . . . . . . . . . . . . . . . . . . . . . . . . . . . . . . 1 Kicked . | . . . . . . . . . . . . . . . . . . . . . . . . . . . . . . . Crushed . | . . . . . . . . . . . . . . . . . . . . . . . . . . . . . . . Highest Temperature 302 | . 81 124 5 33 20 22 4 3 8 214 214 226 . . . . 22 69 6 2 40 . . . . . . 302 1 183 Average Temperature 40 | . 29 30 3 8 2 10 2 2 2 100 62 101 . . . . 11 33 1 2 20 . . . . . . 112 1 63 Received Heat Transfer 2414 | . 69 414 105 1039 18 27 . . 12 9 348 9 . . 12 . 54 18 18 . 85 69 . . . 9 . . 18 81 Siege Activations . | . . . . . . . . . . . . . . . . . . . . . . . . . . . . . . . Robots Corrupted . | . . . . . . . . . . . . . . . . . . . . . . . . . . . . . . . Combat Hostiles . | . . . . . . . . . . . . . . . . . . . . . . . . . . . . . . . Parts Fried 1 | . . . . . . . . . . . 1 . . . . . . . . . . . . . . . . . . . Impact Corruptions . | . . . . . . . . . . . . . . . . . . . . . . . . . . . . . . . Robots Melted . | . . . . . . . . . . . . . . . . . . . . . . . . . . . . . . . Combat Hostiles . | . . . . . . . . . . . . . . . . . . . . . . . . . . . . . . . Parts Melted . | . . . . . . . . . . . . . . . . . . . . . . . . . . . . . . . Heat Transferred 30 | . . 30 . . . . . . . . . . . . . . . . . . . . . . . . . . . . Parts Sabotaged . | . . . . . . . . . . . . . . . . . . . . . . . . . . . . . . . Parts Stolen . | . . . . . . . . . . . . . . . . . . . . . . . . . . . . . . . Parts Stripped . | . . . . . . . . . . . . . . . . . . . . . . . . . . . . . . . Power Chain Reactions . | . . . . . . . . . . . . . . . . . . . . . . . . . . . . . . . Alert | -11 -10 -9 -9 -8 -7 -7 -7 -7 -6 -6 -6 -6 -6 -5 -5 -5 -5 -4 -4 -4 -4 -4 -4 -4 -3 -3 -3 -2 -1 -1 ------- Run | Yrd Mat Mat Sto Mat Fac Low Low Dat Pro Fac Ext Cet Arc Fac Upp Upp War Pro Fac Was Fac Upp Upp Zhi Pro Res Tes Res Acc Com Peak Influence 612 | . 184 472 459 458 449 . . . . 469 230 190 299 350 . . . . 612 229 235 . . . . 106 133 179 70 149 Initial 300 | . . 77 198 87 207 . . . . 300 16 44 76 104 . . . . 94 214 160 . . . . 6 59 74 . 44 Average 170 | . 47 256 325 193 315 . . . . 363 123 169 247 202 . . . . 254 217 199 . . . . 33 100 57 19 48 Maximum Alert Level 2 | . . 2 2 2 2 . . . . 2 1 . 1 1 . . . . 2 1 1 . . . . . . . . . Low Security (%) 62 | 100 100 41 9 59 . . . . . 3 72 100 11 68 . . . . 29 . 32 . . . . 100 100 100 100 100 Level 1 28 | . . 41 68 30 67 . . . . 43 27 . 88 31 . . . . 63 100 67 . . . . . . . . . Level 2 8 | . . 16 22 9 32 . . . . 53 . . . . . . . . 7 . . . . . . . . . . . Level 3 . | . . . . . . . . . . . . . . . . . . . . . . . . . . . . . . . Level 4 . | . . . . . . . . . . . . . . . . . . . . . . . . . . . . . . . Level 5 . | . . . . . . . . . . . . . . . . . . . . . . . . . . . . . . . High Security . | . . . . . . . . . . . . . . . . . . . . . . . . . . . . . . . Max Security . | . . . . . . . . . . . . . . . . . . . . . . . . . . . . . . . Squads Dispatched 36 | . 1 4 4 4 2 . . . . 5 . . . 1 . . . . 3 . 3 . . . . 2 . . 1 6 Investigation 11 | . . . 1 1 1 . . . . 4 . . . 1 . . . . 1 . 2 . . . . . . . . . Extermination 5 | . . . . . . . . . . 1 . . . . . . . . 1 . . . . . . 1 . . . 2 Reinforcement 19 | . 1 4 3 2 1 . . . . . . . . . . . . . 1 . 1 . . . . 1 . . 1 4 Assault . | . . . . . . . . . . . . . . . . . . . . . . . . . . . . . . . Garrison 1 | . . . . 1 . . . . . . . . . . . . . . . . . . . . . . . . . . Intercept . | . . . . . . . . . . . . . . . . . . . . . . . . . . . . . . . Searches Triggered 1 | . . . . . . . . . . 1 . . . . . . . . . . . . . . . . . . . . Construction Impeded . | . . . . . . . . . . . . . . . . . . . . . . . . . . . . . . . Haulers Reinforced . | . . . . . . . . . . . . . . . . . . . . . . . . . . . . . . . Active Scanning Responses . | . . . . . . . . . . . . . . . . . . . . . . . . . . . . . . . Cargo Convoy Interrupts . | . . . . . . . . . . . . . . . . . . . . . . . . . . . . . . . Stealth | -11 -10 -9 -9 -8 -7 -7 -7 -7 -6 -6 -6 -6 -6 -5 -5 -5 -5 -4 -4 -4 -4 -4 -4 -4 -3 -3 -3 -2 -1 -1 --------- Run | Yrd Mat Mat Sto Mat Fac Low Low Dat Pro Fac Ext Cet Arc Fac Upp Upp War Pro Fac Was Fac Upp Upp Zhi Pro Res Tes Res Acc Com Distress Signals 32 | . . 2 1 3 . . . . . . 2 1 . . . . . . 1 . . . . . . 1 . 10 2 9 Communications Jammed . | . . . . . . . . . . . . . . . . . . . . . . . . . . . . . . . Distress Signals . | . . . . . . . . . . . . . . . . . . . . . . . . . . . . . . . Times Spotted 397 | . 11 45 20 43 14 15 2 . 3 12 22 4 2 . 13 11 20 6 23 5 10 14 . . . 5 5 13 25 54 Peak Tracking Total 15 | . 5 7 6 8 5 13 2 . 3 6 5 5 . . 4 6 10 5 15 5 5 7 . . . 2 5 4 12 10 Tactical Retreats 42 | . . . 1 6 5 2 1 . . 1 . . . . . 1 . 1 4 . 2 1 . . . 2 . 3 3 9 Traps | -11 -10 -9 -9 -8 -7 -7 -7 -7 -6 -6 -6 -6 -6 -5 -5 -5 -5 -4 -4 -4 -4 -4 -4 -4 -3 -3 -3 -2 -1 -1 ------- Run | Yrd Mat Mat Sto Mat Fac Low Low Dat Pro Fac Ext Cet Arc Fac Upp Upp War Pro Fac Was Fac Upp Upp Zhi Pro Res Tes Res Acc Com Traps Triggered 15 | . . . . 1 2 . . . . 3 3 . . 1 . . . . 1 . 1 . . . . 1 1 . . 1 Indirectly . | . . . . . . . . . . . . . . . . . . . . . . . . . . . . . . . Trap Hack Attempts . | . . . . . . . . . . . . . . . . . . . . . . . . . . . . . . . Triggered . | . . . . . . . . . . . . . . . . . . . . . . . . . . . . . . . Disarmed . | . . . . . . . . . . . . . . . . . . . . . . . . . . . . . . . Reprogrammed . | . . . . . . . . . . . . . . . . . . . . . . . . . . . . . . . Reused . | . . . . . . . . . . . . . . . . . . . . . . . . . . . . . . . Traps Extracted . | . . . . . . . . . . . . . . . . . . . . . . . . . . . . . . . Installed . | . . . . . . . . . . . . . . . . . . . . . . . . . . . . . . . Triggered 12 | . . . . . . . . . . . . . . . . 1 9 . . . . 1 . . 1 . . . . . Most Traps Carried 5 | . . . . . . . . . . . . . . . . 5 5 1 1 1 1 4 4 4 2 1 . . . . Machines | -11 -10 -9 -9 -8 -7 -7 -7 -7 -6 -6 -6 -6 -6 -5 -5 -5 -5 -4 -4 -4 -4 -4 -4 -4 -3 -3 -3 -2 -1 -1 ---------- Run | Yrd Mat Mat Sto Mat Fac Low Low Dat Pro Fac Ext Cet Arc Fac Upp Upp War Pro Fac Was Fac Upp Upp Zhi Pro Res Tes Res Acc Com Machines Disabled 8 | . . 2 . . 1 1 . . . . 1 . 2 . . . . . . . . . . . . . 1 . . . Max in Single Turn 1 | . . 1 . . 1 1 . . . . . . . . . . . . . . . . . . . . 1 . . . Garrison Access 7 | . . . 1 1 . . . . . . . . . . . . . . 1 . 1 . . . . 2 . 1 . . Machines Repaired . | . . . . . . . . . . . . . . . . . . . . . . . . . . . . . . . Machines Dismantled . | . . . . . . . . . . . . . . . . . . . . . . . . . . . . . . . Machines Sabotaged . | . . . . . . . . . . . . . . . . . . . . . . . . . . . . . . . Overloaded Fab Kills . | . . . . . . . . . . . . . . . . . . . . . . . . . . . . . . . Hacking | -11 -10 -9 -9 -8 -7 -7 -7 -7 -6 -6 -6 -6 -6 -5 -5 -5 -5 -4 -4 -4 -4 -4 -4 -4 -3 -3 -3 -2 -1 -1 --------- Run | Yrd Mat Mat Sto Mat Fac Low Low Dat Pro Fac Ext Cet Arc Fac Upp Upp War Pro Fac Was Fac Upp Upp Zhi Pro Res Tes Res Acc Com Machines Accessed 107 | . 3 4 5 5 8 2 . 4 . 8 2 1 1 6 . . 6 1 7 . 6 1 . 5 1 7 4 2 2 16 Terminals 63 | . 2 2 3 3 4 . . . . 4 2 1 . 4 . . . 1 6 . 3 . . . 1 5 4 . 2 16 Fabricators 2 | . . . . . 1 . . . . . . . . . . . . . . . 1 . . . . . . . . . Repair Stations 6 | . . 1 . . 2 . . . . 2 . . . 1 . . . . . . . . . . . . . . . . Recycling Units 6 | . 1 1 1 1 . . . . . . . . . 1 . . . . . . . . . . . . . 1 . . Scanalyzers 2 | . . . . . 1 . . . . . . . . . . . . . . . 1 . . . . . . . . . Garrison Access 9 | . . . 1 1 . . . . . 2 . . . . . . . . 1 . 1 . . . . 2 . 1 . . Total Hacks 312 | . 4 10 10 10 17 2 . 32 . 33 6 2 25 14 . . 17 1 18 . 19 1 . 18 1 18 12 3 3 36 Successful 244 | . 4 7 7 6 7 2 . 32 . 18 2 . 25 9 . . 17 1 18 . 14 1 . 18 1 12 7 2 2 32 Failed 68 | . . 3 3 4 10 . . . . 15 4 2 . 5 . . . . . . 5 . . . . 6 5 1 1 4 Catastrophic 13 | . . 1 1 1 . . . . . 5 1 1 . 1 . . . . . . . . . . . 1 . . 1 . Database Lockouts . | . . . . . . . . . . . . . . . . . . . . . . . . . . . . . . . Manual 75 | . 1 4 1 5 5 . . . . 10 2 1 . 6 . . 1 . 4 . 5 . . . . 6 5 . 2 17 Terminals 158 | . 3 4 6 8 8 . . . . 15 6 2 . 9 . . . 1 17 . 11 . . . 1 16 12 . 3 36 Fabricators 4 | . . . . . 1 . . . . . . . . . . . . . . . 3 . . . . . . . . . Repair Stations 28 | . . 5 . . 6 . . . . 13 . . . 4 . . . . . . . . . . . . . . . . Recycling Units 7 | . 1 1 2 1 . . . . . . . . . 1 . . . . . . . . . . . . . 1 . . Scanalyzers 6 | . . . . . 2 . . . . . . . . . . . . . . . 4 . . . . . . . . . Garrison Access 14 | . . . 2 1 . . . . . 5 . . . . . . . . 1 . 1 . . . . 2 . 2 . . Terminal Hacks 183 | . 2 . 4 2 1 2 . 32 . 8 1 . 25 3 . . 17 1 14 . 6 1 . 18 1 8 7 . 2 28 Record 56 | . . . . . . . . 11 . . . . 25 . . . 10 1 . . . . . 6 1 1 . . . 1 Part Schematic 18 | . . . . . . . . 12 . . . . . . . . . . 2 . . . . 4 . . . . . . Robot Schematic 6 | . . . . . . . . 6 . . . . . . . . . . . . . . . . . . . . . . Robot Analysis 8 | . . . . 1 . . . . . . . . . . . . . . . . 1 . . 4 . 1 . . . 1 Prototype ID Bank 18 | . . . . . . . . 3 . . 1 . . 1 . . 6 . 1 . . . . 4 . . 1 . . 1 Open Door 8 | . . . 2 . . 2 . . . 1 . . . . . . 1 . . . . 1 . . . . . . . 1 Level Access Points 3 | . . . . . . . . . . . . . . . . . . . 1 . . . . . . 1 1 . . . Branch Access Points 7 | . . . . . . . . . . 1 . . . 1 . . . . 1 . 1 . . . . 1 . . 1 1 Emergency Access Points 6 | . . . . . . . . . . 1 . . . . . . . . . . . . . . . . . . . 5 Machine Index 3 | . . . . . . . . . . . . . . . . . . . 1 . . . . . . 1 . . . 1 Terminal Index 1 | . . . . . . . . . . . . . . . . . . . . . . . . . . . . . . 1 Scanalyzer Index 1 | . . . . . . . . . . . . . . . . . . . 1 . . . . . . . . . . . Garrison Index 1 | . . . . . . . . . . . . . . . . . . . . . . . . . . . . . . 1 Alert Level 14 | . . . 1 . 1 . . . . 2 . . . . . . . . 1 . 1 . . . . . 3 . . 5 Unreport Threat 3 | . . . 1 . . . . . . 2 . . . . . . . . . . . . . . . . . . . . Locate Traps 4 | . . . . 1 . . . . . . . . . . . . . . 2 . . . . . . . . . . 1 Recall Investigation 1 | . . . . . . . . . . . . . . . . . . . . . 1 . . . . . . . . . Recall Extermination 1 | . . . . . . . . . . . . . . . . . . . . . . . . . . 1 . . . . Registered Components 6 | . 1 . . . . . . . . 1 . . . 1 . . . . . . . . . . . 1 1 . . 1 Registered Prototypes 2 | . . . . . . . . . . . . . . . . . . . 1 . 1 . . . . . . . . . Zone Layout 14 | . 1 . . . . . . . . . . . . . . . . . 3 . 1 . . . . 1 1 . 1 6 Disengage Seal 2 | . . . . . . . . . . . . . . . . . . . . . . . . . . . . . . 2 Fabricator Hacks 4 | . . . . . 1 . . . . . . . . . . . . . . . 3 . . . . . . . . . Network Status 2 | . . . . . 1 . . . . . . . . . . . . . . . 1 . . . . . . . . . Load Schematic 1 | . . . . . . . . . . . . . . . . . . . . . 1 . . . . . . . . . Build 1 | . . . . . . . . . . . . . . . . . . . . . 1 . . . . . . . . . Repair Station Hacks 20 | . . 4 . . 4 . . . . 8 . . . 4 . . . . . . . . . . . . . . . . Scan Component 10 | . . 2 . . 2 . . . . 4 . . . 2 . . . . . . . . . . . . . . . . Repair 10 | . . 2 . . 2 . . . . 4 . . . 2 . . . . . . . . . . . . . . . . Recycling Unit Hacks 7 | . 1 1 2 1 . . . . . . . . . 1 . . . . . . . . . . . . . 1 . . Report Inventory 6 | . 1 1 1 1 . . . . . . . . . 1 . . . . . . . . . . . . . 1 . . Retrieve Components 1 | . . . 1 . . . . . . . . . . . . . . . . . . . . . . . . . . . Scanalyzer 5 | . . . . . 1 . . . . . . . . . . . . . . . 4 . . . . . . . . . Insert Component 3 | . . . . . 1 . . . . . . . . . . . . . . . 2 . . . . . . . . . Analyze 2 | . . . . . . . . . . . . . . . . . . . . . 2 . . . . . . . . . Garrison Access Hacks 7 | . . . 1 1 . . . . . . . . . . . . . . 1 . 1 . . . . 2 . 1 . . Seal Access 7 | . . . 1 1 . . . . . . . . . . . . . . 1 . 1 . . . . 2 . 1 . . Unauthorized Hacks 18 | . 1 2 . 2 . . . . . 2 1 . . 1 . . . . 3 . . . . . . 2 . . . 4 Terminals 18 | . 1 2 . 2 . . . . . 2 1 . . 1 . . . . 3 . . . . . . 2 . . . 4 Assimilate 2 | . . . . . . . . . . . . . . . . . . . 1 . . . . . . 1 . . . . Botnet 16 | . 1 2 . 2 . . . . . 2 1 . . 1 . . . . 2 . . . . . . 1 . . . 4 Fabricators . | . . . . . . . . . . . . . . . . . . . . . . . . . . . . . . . Repair Stations . | . . . . . . . . . . . . . . . . . . . . . . . . . . . . . . . Recycling Units . | . . . . . . . . . . . . . . . . . . . . . . . . . . . . . . . Scanalyzers . | . . . . . . . . . . . . . . . . . . . . . . . . . . . . . . . Garrison Access . | . . . . . . . . . . . . . . . . . . . . . . . . . . . . . . . Data Cores Recovered 2 | . . . . 1 . . . . . . 1 . . . . . . . . . . . . . . . . . . . Used . | . . . . . . . . . . . . . . . . . . . . . . . . . . . . . . . Hacking Detections 64 | . 1 3 2 3 7 . . . . 6 2 1 . 4 . . . . 5 . 5 . . . . 5 4 . 2 14 Full Trace Events 10 | . . . 1 2 1 . . . . 3 . . . . . . . . 1 . 2 . . . . . . . . . Feedback Events 2 | . . . . . 1 . . . . 1 . . . . . . . . . . . . . . . . . . . . Corruption 2 | . . . . . 1 . . . . 1 . . . . . . . . . . . . . . . . . . . . Feedback Blocked . | . . . . . . . . . . . . . . . . . . . . . . . . . . . . . . . Robot Schematics Acquired 6 | . . . . . . . . 6 . . . . . . . . . . . . . . . . . . . . . . Robots Built . | . . . . . . . . . . . . . . . . . . . . . . . . . . . . . . . Authchips . | . . . . . . . . . . . . . . . . . . . . . . . . . . . . . . . Time . | . . . . . . . . . . . . . . . . . . . . . . . . . . . . . . . Total Robot Build Rating . | . . . . . . . . . . . . . . . . . . . . . . . . . . . . . . . Part Schematics Acquired 20 | . . . . . . . . 12 . . . . . . . . . . 2 . 2 . . 4 . . . . . . Parts Built . | . . . . . . . . . . . . . . . . . . . . . . . . . . . . . . . Authchips . | . . . . . . . . . . . . . . . . . . . . . . . . . . . . . . . Time 95 | . . . . . . . . . . . . . . . . . . . . . 95 . . . . . . . . . Total Part Build Rating . | . . . . . . . . . . . . . . . . . . . . . . . . . . . . . . . Parts Repaired 10 | . . 2 . . 2 . . . . 4 . . . 2 . . . . . . . . . . . . . . . . Time 350 | . . 52 . . 70 . . . . 114 . . . 114 . . . . . . . . . . . . . . . . Parts Recycled . | . . . . . . . . . . . . . . . . . . . . . . . . . . . . . . . Recycled Matter . | . . . . . . . . . . . . . . . . . . . . . . . . . . . . . . . Retrieved Matter . | . . . . . . . . . . . . . . . . . . . . . . . . . . . . . . . Retrieved Components 4 | . . . 4 . . . . . . . . . . . . . . . . . . . . . . . . . . . Parts Scanalyzed 2 | . . . . . . . . . . . . . . . . . . . . . 2 . . . . . . . . . Part Schematics Acquired 2 | . . . . . . . . . . . . . . . . . . . . . 2 . . . . . . . . . Parts Damaged . | . . . . . . . . . . . . . . . . . . . . . . . . . . . . . . . Bothacking | -11 -10 -9 -9 -8 -7 -7 -7 -7 -6 -6 -6 -6 -6 -5 -5 -5 -5 -4 -4 -4 -4 -4 -4 -4 -3 -3 -3 -2 -1 -1 ------------ Run | Yrd Mat Mat Sto Mat Fac Low Low Dat Pro Fac Ext Cet Arc Fac Upp Upp War Pro Fac Was Fac Upp Upp Zhi Pro Res Tes Res Acc Com Used RIF Installer . | . . . . . . . . . . . . . . . . . . . . . . . . . . . . . . . Robots Hacked . | . . . . . . . . . . . . . . . . . . . . . . . . . . . . . . . Non-combat . | . . . . . . . . . . . . . . . . . . . . . . . . . . . . . . . Combat . | . . . . . . . . . . . . . . . . . . . . . . . . . . . . . . . Robot Hacks Applied . | . . . . . . . . . . . . . . . . . . . . . . . . . . . . . . . Relay Couplers Released . | . . . . . . . . . . . . . . . . . . . . . . . . . . . . . . . Fabnet Peak Effective % . | . . . . . . . . . . . . . . . . . . . . . . . . . . . . . . . Robots Rewired 12 | . . . . . . . . . . . 12 . . . . . . . . . . . . . . . . . . . Allies Hacked . | . . . . . . . . . . . . . . . . . . . . . . . . . . . . . . . Hacks Repelled . | . . . . . . . . . . . . . . . . . . . . . . . . . . . . . . . Allies | -11 -10 -9 -9 -8 -7 -7 -7 -7 -6 -6 -6 -6 -6 -5 -5 -5 -5 -4 -4 -4 -4 -4 -4 -4 -3 -3 -3 -2 -1 -1 -------- Run | Yrd Mat Mat Sto Mat Fac Low Low Dat Pro Fac Ext Cet Arc Fac Upp Upp War Pro Fac Was Fac Upp Upp Zhi Pro Res Tes Res Acc Com Total Allies 32 | . . . . . . . . . . . 26 5 . . . . . . 1 . . . . . . . . . . . Largest Group 14 | . . . . . . . . . . . 12 14 13 10 9 5 . . 1 . . . . . . . . . . . Highest-Rated Group 869 | . . . . . . . . . . . 473 869 710 632 593 464 . . 45 . . . . . . . . . . . Highest-Rated Ally 159 | . . . . . . . . . . . 159 159 96 96 96 96 . . 45 . . . . . . . . . . . Total Orders . | . . . . . . . . . . . . . . . . . . . . . . . . . . . . . . . Ally Attacks 246 | . . . . . . . . . . . 103 12 33 9 65 24 . . . . . . . . . . . . . . Total Damage 7054 | . . . . . . . . . . . 2092 265 993 151 2643 910 . . . . . . . . . . . . . . Kills 42 | . . . . . . . . . . . 12 4 4 4 15 3 . . . . . . . . . . . . . . Allies Corrupted 1 | . . . . . . . . . . . . . . . 1 . . . . . . . . . . . . . . . Allies Melted 2 | . . . . . . . . . . . . . . . . . 1 . . . . . . . . . . 1 . . Intel | -11 -10 -9 -9 -8 -7 -7 -7 -7 -6 -6 -6 -6 -6 -5 -5 -5 -5 -4 -4 -4 -4 -4 -4 -4 -3 -3 -3 -2 -1 -1 ------- Run | Yrd Mat Mat Sto Mat Fac Low Low Dat Pro Fac Ext Cet Arc Fac Upp Upp War Pro Fac Was Fac Upp Upp Zhi Pro Res Tes Res Acc Com Robot Analysis Total 8 | . . . . 1 . . . . . . . . . . . . . . . . 1 . . 4 . 1 . . . 1 Derelict Logs Recovered 8 | . . . . . . 1 . . 2 . . . . . . 1 . 1 . . . 2 1 . . . . . . . Drone Launches . | . . . . . . . . . . . . . . . . . . . . . . . . . . . . . . . Drone Recoveries . | . . . . . . . . . . . . . . . . . . . . . . . . . . . . . . . Exploration | -11 -10 -9 -9 -8 -7 -7 -7 -7 -6 -6 -6 -6 -6 -5 -5 -5 -5 -4 -4 -4 -4 -4 -4 -4 -3 -3 -3 -2 -1 -1 ------------- Run | Yrd Mat Mat Sto Mat Fac Low Low Dat Pro Fac Ext Cet Arc Fac Upp Upp War Pro Fac Was Fac Upp Upp Zhi Pro Res Tes Res Acc Com Turns Passed 13840 | 70 747 1527 682 1362 411 76 43 21 102 392 915 331 309 397 331 208 394 77 394 51 251 1078 453 148 220 372 156 1035 165 1122 Spaces Moved 17394 | 40 332 519 220 417 1121 319 181 89 375 997 633 127 269 465 393 350 831 272 755 94 361 1015 451 164 427 447 435 1664 586 3045 Core 141 | 10 . . . . . . . . . . 84 . . . . . . . . . . . . . . . . . . 47 Treads 827 | 30 91 55 220 417 14 . . . . . . . . . . . . . . . . . . . . . . . . . Legs 285 | . . . . . . . . . . . 122 127 36 . . . . . . . . . . . . . . . . . Wheels 924 | . 241 464 . . . . . . . . 219 . . . . . . . . . . . . . . . . . . . Hover 2653 | . . . . . . . . . . . . . 233 465 393 350 244 . . . . . . 69 427 447 25 . . . Flight 12564 | . . . . . 1107 319 181 89 375 997 208 . . . . . 587 272 755 94 361 1015 451 95 . . 410 1664 586 2998 Fastest Speed 19 | 50 160 215 240 240 23 23 23 23 23 23 23 120 44 44 44 44 24 24 24 25 25 27 100 42 42 40 25 22 21 19 Average Speed 54 | 132 198 217 240 241 25 23 23 23 23 23 85 188 66 44 44 44 32 24 24 25 25 96 100 76 42 42 27 22 23 22 Slowest Speed 385 | 160 215 240 240 243 242 23 23 23 23 24 385 190 190 44 44 44 94 24 25 25 99 100 100 150 42 43 43 25 24 100 Overloaded Moves . | . . . . . . . . . . . . . . . . . . . . . . . . . . . . . . . Propulsion Burnouts . | . . . . . . . . . . . . . . . . . . . . . . . . . . . . . . . Robots Hopped 39 | . . . . . 3 . . . . 2 . . . . . . . . 5 . 4 . . . . . 5 2 8 10 Cave-ins Triggered . | . . . . . . . . . . . . . . . . . . . . . . . . . . . . . . . Exploration Rate (%) 48 | 4 49 54 48 43 32 48 42 69 61 27 61 60 97 12 54 42 90 56 23 76 13 91 63 61 57 10 50 48 19 54 Regions Visited 30 Branch Regions 18 Pre-discovered Areas 7 | . . . . . . . . 1 . . . . . . . . 2 . . . . 1 . 3 . . . . . . Known Exits Taken 24 | . . . . 1 1 1 1 1 1 1 1 1 1 1 1 1 1 1 . . 1 1 1 1 1 1 1 1 1 . Unknown Exits Taken 4 | 1 1 1 1 . . . . . . . . . . . . . . . . . . . . . . . . . . . Scrap Searched 15 | . . . . . . 2 3 . 4 . . . . . 1 2 . . . . . 2 . . 1 . . . . . Spaces Dug 158 | . . . . . . . . . . 4 146 . . . . . . . 4 . . . . . . 1 . . . 3 Terrain Destroyed 704 | . . 67 . 58 . . . . . 4 299 66 . . 31 39 . 35 4 . . 97 . . . 1 . . . 3 Melee 12 | . . . . . . . . . . 4 . . . . . . . . 4 . . . . . . 1 . . . 3 Projectile . | . . . . . . . . . . . . . . . . . . . . . . . . . . . . . . . AOE 692 | . . 67 . 58 . . . . . . 299 66 . . 31 39 . 35 . . . 97 . . . . . . . . Terrain Rammed . | . . . . . . . . . . . . . . . . . . . . . . . . . . . . . . . Walls Destroyed . | . . . . . . . . . . . . . . . . . . . . . . . . . . . . . . . Machines Disabled . | . . . . . . . . . . . . . . . . . . . . . . . . . . . . . . . Actions | -11 -10 -9 -9 -8 -7 -7 -7 -7 -6 -6 -6 -6 -6 -5 -5 -5 -5 -4 -4 -4 -4 -4 -4 -4 -3 -3 -3 -2 -1 -1 --------- Run | Yrd Mat Mat Sto Mat Fac Low Low Dat Pro Fac Ext Cet Arc Fac Upp Upp War Pro Fac Was Fac Upp Upp Zhi Pro Res Tes Res Acc Com Total 21054 | 57 384 755 301 636 1238 319 181 88 386 1136 919 213 381 644 549 389 966 278 937 121 518 1094 451 186 463 629 469 2316 604 3446 Wait 2704 | . 10 84 38 103 71 . . . 5 112 109 84 79 162 154 20 79 . 158 25 146 42 . . 31 167 4 631 21 369 Move 17292 | 39 331 518 219 416 1114 318 180 88 374 993 632 126 268 464 392 349 830 271 745 93 353 1014 450 163 426 446 425 1659 569 3027 Hop 34 | . . . . . 3 . . . . 1 . . . . . . . . 5 . 3 . . . . . 4 2 8 8 Pick Up 187 | 12 17 28 1 12 9 . 1 . 1 8 4 . 5 2 . 7 19 . 4 1 6 7 . 5 . 3 12 10 2 11 Fast Attach 43 | . 1 1 2 3 . . . . 1 . 5 . 7 3 . 1 2 . . . . . . 4 1 4 1 2 . 5 Attach 129 | 6 1 10 . 9 12 . . . 3 7 11 . 1 1 1 1 9 2 5 1 5 10 . 3 . 3 9 5 4 10 Detach 29 | . 1 . . . . . . . . 2 2 . 1 . 1 1 2 2 1 1 1 6 . 2 1 2 3 . . . Swap 60 | . 3 16 1 15 4 . . . . 3 7 1 2 1 . . . . 2 . . 1 . 1 . . . 2 . 1 Drop 118 | . 2 14 3 9 19 . . . . 1 . . 7 3 . 1 24 . 2 . 4 2 . 7 1 3 10 5 . 1 Fire 236 | . 18 84 37 69 . . . . . . 13 2 . . 1 1 . 2 . . . 9 . . . . . . . . Melee 115 | . . . . . 6 1 . . 2 9 33 . 11 8 . 8 1 1 15 . . 3 1 1 3 1 1 . . 10 Ram 1 | . . . . . . . . . . . . . . . . . . . . . . . . . . . . . . 1 Kick . | . . . . . . . . . . . . . . . . . . . . . . . . . . . . . . . Crush . | . . . . . . . . . . . . . . . . . . . . . . . . . . . . . . . Escape Stasis 37 | . . . . . . . . . . . 34 . . . . . . . . . . . . . . . . . . 3 Rewire 69 | . . . . . . . . . . . 69 . . . . . . . . . . . . . . . . . . . Trap . | . . . . . . . . . . . . . . . . . . . . . . . . . . . . . . . Miscellaneous . | . . . . . . . . . . . . . . . . . . . . . . . . . . . . . . . Route ------- -11/Scrapyard -10/Materials -9/Materials (discovered 2 exits: [*Min] / *Sto) -9/Storage -8/Materials -7/Factory (discovered 3 exits: *Fac / *Low x2) -7/Lower Caves -7/Lower Caves -7/Data Miner -6/Proximity Caves -6/Factory (discovered 4 exits: *Low x2 / *Ext x2) -6/Extension (discovered 2 exits: *Fac / *Cet) -6/Cetus -6/Archives (discovered 3 exits: *Fac / [*Hub x2]) -5/Factory (discovered 2 exits: *Upp x2) -5/Upper Caves -5/Upper Caves -5/Warlord -4/Proximity Caves -4/Factory (discovered 7 exits: *Res x4 / Upp x2 / Arm) -4/Waste -4/Factory (discovered 3 exits: *Upp x2 / Arm) -4/Upper Caves -4/Upper Caves -4/Zhirov -3/Proximity Caves -3/Research (discovered 5 exits: Res x3 / *Tes x2) -3/Testing -2/Research (discovered 2 exits: *Acc / *Qua) -1/Access -1/Command (discovered 1 exit: [Sur]) History --------- Turn | Location | Event 3 | -11/Scrapyard | Discovered new exit (range 15) 71 | -11/Scrapyard | Entered Materials 306 | -10/Materials | Build established: Mutant 553 | -10/Materials | Discovered new exit (range 4) 818 | -10/Materials | Entered another Materials area 818 | -9/Materials | Evolved 2 slots: Propulsion x1, Utility x1 886 | -9/Materials | Repaired Lgt. Cannon 914 | -9/Materials | Repaired Sensor Array 1570 | -9/Materials | Discovered new exit (range 11) 1675 | -9/Materials | Lost 3 parts (1p1n1u) 2171 | -9/Materials | Discovered new exit (range 15) 2345 | -9/Materials | Entered Storage 2995 | -9/Storage | Core integrity fell below 50% 3007 | -9/Storage | Discovered new exit (range 7) 3027 | -9/Storage | Entered Materials 3027 | -8/Materials | Evolved 2 slots: Propulsion x1, Utility x1 3786 | -8/Materials | Build established: Scavenger-Mutant 4121 | -8/Materials | Garrison activated, responded to threat 4238 | -8/Materials | Build established: Mutant 4336 | -8/Materials | Discovered new exit (range 12) 4386 | -8/Materials | Identified exit to Factory 4389 | -8/Materials | Entered Factory 4389 | -7/Factory | Evolved 2 slots: Propulsion x1, Utility x1 4447 | -7/Factory | Discovered new exit (range 11) 4449 | -7/Factory | Identified exit to Factory 4508 | -7/Factory | Repaired Cesium-ion Thruster 4526 | -7/Factory | Discovered new exit (range 6) 4585 | -7/Factory | Repaired Rocket Launcher 4682 | -7/Factory | Discovered new exit (range 16) 4688 | -7/Factory | Identified exit to Lower Caves 4693 | -7/Factory | Found Prototype Launcher 4800 | -7/Factory | Entered Lower Caves 4811 | -7/Lower Caves | Build established: Sprinter 4819 | -7/Lower Caves | Acquired the password to a Derelict Tinkerer's latest research 4848 | -7/Lower Caves | Caught by Unaware searching for contraband prototypes 4849 | -7/Lower Caves | Caught by Unaware searching for contraband prototypes 4860 | -7/Lower Caves | Learned 4 Factory zone layouts 4866 | -7/Lower Caves | Discovered new exit (range 16) 4875 | -7/Lower Caves | Identified exit to Lower Caves 4876 | -7/Lower Caves | Entered another Lower Caves area 4888 | -7/Lower Caves | Spotted B-75 Beast 4903 | -7/Lower Caves | Attracted the attention of an 0b10 checkpoint 4918 | -7/Lower Caves | Discovered new exit (range 4) 4919 | -7/Lower Caves | Identified exit to Data Miner 4919 | -7/Lower Caves | Entered Data Miner 4919 | -7/Data Miner | Discovered new exit (range 6) 4920 | -7/Data Miner | Identified exit to Proximity Caves 4924 | -7/Data Miner | Met Data Miner 4928 | -7/Data Miner | Learned location of Section 7 (-2) 4928 | -7/Data Miner | Acquired the access code to Warlord's prototype stash 4932 | -7/Data Miner | Received God Mode back door access code from Data Miner 4940 | -7/Data Miner | Entered Proximity Caves 4940 | -6/Proximity Caves | Learned Factory stockpile data 4964 | -6/Proximity Caves | Found DCF Scrap (11 items) 4983 | -6/Proximity Caves | Learned Factory interactive machine intel 4990 | -6/Proximity Caves | Spotter reported a threat 4991 | -6/Proximity Caves | Spotter reported a threat 4992 | -6/Proximity Caves | Spotted B-75 Beast 5031 | -6/Proximity Caves | Discovered exit to Factory (range 8) 5042 | -6/Proximity Caves | Entered Factory 5042 | -6/Factory | Evolved 2 slots: Propulsion x1, Utility x1 5045 | -6/Factory | Loaded intel: 54 interactive machine locations 5059 | -6/Factory | Lost 3 parts (1p2u) 5084 | -6/Factory | Repaired Cesium-ion Thruster 5105 | -6/Factory | Repaired Cesium-ion Thruster 5131 | -6/Factory | Discovered new exit (range 7) 5139 | -6/Factory | Identified exit to Lower Caves 5236 | -6/Factory | Repaired Cesium-ion Thruster 5275 | -6/Factory | Repaired Cesium-ion Thruster 5339 | -6/Factory | Identified exit to Extension 5384 | -6/Factory | Spotted B-75 Beast 5392 | -6/Factory | Search patrols dispatched 5434 | -6/Factory | Entered Extension 5557 | -6/Extension | Rescued a captive Derelict 5628 | -6/Extension | Identified Rocket Array 5654 | -6/Extension | Lost 5 allies 5667 | -6/Extension | Lost 11 parts (2p6n3w) 5780 | -6/Extension | Rescued a captive Derelict 5781 | -6/Extension | Rescued a captive Derelict 5800 | -6/Extension | Rescued a captive Derelict 5875 | -6/Extension | Rescued a captive Derelict 5875 | -6/Extension | Rescued a captive Derelict 5885 | -6/Extension | Rescued a captive Derelict 5886 | -6/Extension | Rescued a captive Derelict 5892 | -6/Extension | Build established: Hacker-Mutant 6015 | -6/Extension | Rescued a captive Derelict 6016 | -6/Extension | Rescued a captive Derelict 6060 | -6/Extension | Rescued a captive Derelict 6061 | -6/Extension | Rescued a captive Derelict 6091 | -6/Extension | Core integrity fell below 50% 6104 | -6/Extension | Rescued A7 6126 | -6/Extension | Lost 6 parts (1p2n2u1w) 6134 | -6/Extension | Lost 9 allies 6164 | -6/Extension | Rescued a captive Derelict 6172 | -6/Extension | Core integrity fell below 20% 6295 | -6/Extension | Discovered new exit (range 10) 6296 | -6/Extension | Discovered new exit (range 6) 6312 | -6/Extension | Identified exit to Factory 6320 | -6/Extension | Identified exit to Cetus 6349 | -6/Extension | Entered Cetus 6349 | -6/Cetus | Accompanied by 12 allies (A7) 6354 | -6/Cetus | Acquired a Cetus Manufacturing Module code from A7 6381 | -6/Cetus | Spotted Cetus Guard 6381 | -6/Cetus | Spotted Cetus Guard 6381 | -6/Cetus | Spotted Cetus Guard 6383 | -6/Cetus | Spotted Cetus Guard 6392 | -6/Cetus | Allies destroyed Cetus Guard 6392 | -6/Cetus | Allies destroyed Cetus Guard 6394 | -6/Cetus | Allies destroyed Cetus Guard 6395 | -6/Cetus | Allies destroyed Cetus Guard 6417 | -6/Cetus | Lost 3 allies 6470 | -6/Cetus | Started Cetus Manufacturing Module 6488 | -6/Cetus | Build established: Commander-Mutant 6495 | -6/Cetus | Manufactured an Enhanced Grunt 6520 | -6/Cetus | Manufactured an Enhanced Grunt 6545 | -6/Cetus | Manufactured an Enhanced Grunt 6570 | -6/Cetus | Manufactured an Enhanced Grunt 6595 | -6/Cetus | Manufactured an Enhanced Grunt 6641 | -6/Cetus | Discovered new exit (range 16) 6668 | -6/Cetus | Identified exit to Archives 6680 | -6/Cetus | Entered Archives 6680 | -6/Archives | Accompanied by 14 allies (A7) 6734 | -6/Archives | Lost 3 allies 6812 | -6/Archives | Discovered new exit (range 16) 6823 | -6/Archives | Discovered new exit (range 15) 6831 | -6/Archives | Discovered exit to Factory (range 15) 6900 | -6/Archives | Unable to access archive contents 6905 | -6/Archives | Unable to access archive contents 6911 | -6/Archives | Unable to access archive contents 6989 | -6/Archives | Entered Factory 6989 | -5/Factory | Accompanied by 10 allies 6989 | -5/Factory | Evolved 2 slots: Power x1, Utility x1 7017 | -5/Factory | Identified exit to Upper Caves 7048 | -5/Factory | Build established: Hacker-Mutant 7169 | -5/Factory | Repaired Chainsword 7240 | -5/Factory | Repaired Rocket Array 7386 | -5/Factory | Entered Upper Caves 7386 | -5/Upper Caves | Accompanied by 10 allies 7627 | -5/Upper Caves | Discovered new exit (range 5) 7628 | -5/Upper Caves | Identified exit to Upper Caves 7717 | -5/Upper Caves | Entered another Upper Caves area 7717 | -5/Upper Caves | Accompanied by 5 allies 7720 | -5/Upper Caves | Encountered a Warlord checkpoint 7725 | -5/Upper Caves | Learned Factory stockpile data 7816 | -5/Upper Caves | Spotted B-75 Beast 7909 | -5/Upper Caves | Discovered new exit (range 10) 7913 | -5/Upper Caves | Identified exit to Warlord 7925 | -5/Upper Caves | Entered Warlord 7936 | -5/Warlord | Discovered new exit (range 15) 8002 | -5/Warlord | Met Warlord 8021 | -5/Warlord | Opened Warlord's prototype stash 8027 | -5/Warlord | Warlord's base attacked by MAIN.C 8033 | -5/Warlord | Found Prototype Hackware 8035 | -5/Warlord | Found Prototype Processor 8036 | -5/Warlord | Found Prototype Device 8044 | -5/Warlord | Found Prototype Reactor 8044 | -5/Warlord | Identified Vortex Chain Reactor 8132 | -5/Warlord | Found Prototype Energy Cannon 8133 | -5/Warlord | Identified Vortex Driver 8184 | -5/Warlord | Learned Testing security intel 8184 | -5/Warlord | Learned Factory fabricator intel 8184 | -5/Warlord | Learned Factory recycling unit intel 8184 | -5/Warlord | Learned Armory terminal intel 8184 | -5/Warlord | Learned 4 Armory zone layouts 8184 | -5/Warlord | Learned location of Testing (-3) 8275 | -5/Warlord | Spotted AM-79E(B) 8280 | -5/Warlord | Warlord forces counterattacked 8319 | -5/Warlord | Identified exit to Proximity Caves 8319 | -5/Warlord | Entered Proximity Caves 8321 | -4/Proximity Caves | Attracted the attention of an 0b10 checkpoint 8331 | -4/Proximity Caves | Lost 7 allies 8379 | -4/Proximity Caves | Learned Research emergency access door positions 8394 | -4/Proximity Caves | Discovered new exit (range 9) 8396 | -4/Proximity Caves | Identified exit to Factory 8396 | -4/Proximity Caves | Entered Factory 8396 | -4/Factory | Evolved 2 slots: Utility x2 8397 | -4/Factory | Identified exit to Armory 8399 | -4/Factory | Loaded intel: 6 fabricator locations 8400 | -4/Factory | Loaded intel: 6 recycling unit locations 8401 | -4/Factory | Identified System Mapper 8403 | -4/Factory | Identified System Purifier 8404 | -4/Factory | Identified Exp. Target Analyzer 8409 | -4/Factory | Identified exit to Upper Caves 8691 | -4/Factory | Spotted B-86 Titan 8739 | -4/Factory | Identified exit to Research 8790 | -4/Factory | Sucked down chute 8790 | -4/Factory | Entered Waste 8792 | -4/Waste | Found Prototype Device 8793 | -4/Waste | Identified Exp. Weapon Cycler 8826 | -4/Waste | Spotted C-40 Crusher 8827 | -4/Waste | Spotted C-40 Crusher 8828 | -4/Waste | Spotted C-40 Crusher 8829 | -4/Waste | Spotted C-40 Crusher 8834 | -4/Waste | Spotted C-40 Crusher 8837 | -4/Waste | Discovered new exit (range 16) 8841 | -4/Waste | Identified exit to Factory 8841 | -4/Waste | Entered Factory 8990 | -4/Factory | Build established: Hacker-Sprinter 9092 | -4/Factory | Entered Upper Caves 9288 | -4/Upper Caves | Learned Research interactive machine intel 9329 | -4/Upper Caves | Attracted the attention of an 0b10 checkpoint 9372 | -4/Upper Caves | Lost 4 parts (2n2u) 9400 | -4/Upper Caves | Build established: Hacker-Mutant 9436 | -4/Upper Caves | Encountered a Warlord checkpoint 10163 | -4/Upper Caves | Discovered new exit (range 7) 10169 | -4/Upper Caves | Identified exit to Upper Caves 10170 | -4/Upper Caves | Entered another Upper Caves area 10545 | -4/Upper Caves | Learned Research security intel 10614 | -4/Upper Caves | Discovered new exit (range 9) 10622 | -4/Upper Caves | Identified exit to Zhirov 10623 | -4/Upper Caves | Entered Zhirov 10623 | -4/Zhirov | Discovered new exit (range 3) 10624 | -4/Zhirov | Identified exit to Proximity Caves 10641 | -4/Zhirov | Met Zhirov 10660 | -4/Zhirov | Learned location of Quarantine (-2) 10660 | -4/Zhirov | Learned location of Command (-1) 10679 | -4/Zhirov | Zhirov requested help retrieving the SGEMP Prototype 10703 | -4/Zhirov | Found Alien Artifact 10703 | -4/Zhirov | Identified Integrated Reactor 10703 | -4/Zhirov | Installed Integrated Reactor, increased core energy generation (+10) 10771 | -4/Zhirov | Entered Proximity Caves 10958 | -3/Proximity Caves | Discovered exit to Research (range 7) 10991 | -3/Proximity Caves | Entered Research 10991 | -3/Research | Evolved 2 slots: Utility x2 10994 | -3/Research | Loaded intel: 44 interactive machine locations 11025 | -3/Research | Identified exit to Testing 11315 | -3/Research | Build established: Wizard-Mutant 11338 | -3/Research | Identified exit to Research 11363 | -3/Research | Entered Testing 11490 | -3/Testing | Found Prototype Processor 11491 | -3/Testing | Identified Spectral Analyzer 11519 | -3/Testing | Entered Research 11519 | -2/Research | Warlord forces began assault on 0b10 11519 | -2/Research | Evolved 2 slots: Propulsion x1, Utility x1 11629 | -2/Research | Research machine network offline 11641 | -2/Research | Spotted B-90 Cyclops 11757 | -2/Research | Found Unknown Launcher 11757 | -2/Research | Identified Gamma Bomb Array 11799 | -2/Research | Build established: Wizard-Scout 11846 | -2/Research | Discovered new exit (range 20) 11850 | -2/Research | Identified exit to Quarantine 11907 | -2/Research | Borebot progress halted 11911 | -2/Research | Met up with Warlord 12302 | -2/Research | Borebot progress halted 12473 | -2/Research | Borebot progress halted 12520 | -2/Research | Warlord invited to help at Command 12552 | -2/Research | Discovered new exit (range 6) 12553 | -2/Research | Identified exit to Access 12554 | -2/Research | Entered Access 12554 | -1/Access | Evolved 2 slots: Propulsion x1, Utility x1 12576 | -1/Access | Identified exit to Command 12719 | -1/Access | Entered Command 12766 | -1/Command | Disengaged cave seal 12769 | -1/Command | Welcomed Warlord to Command 12941 | -1/Command | Lost 5 allies 12970 | -1/Command | Build established: Wizard-Ninja 12996 | -1/Command | P-80 Master assimilated allied 1I-ZWV(g) 13042 | -1/Command | Lost 3 allies 13076 | -1/Command | Spotted B-99 Colossus 13226 | -1/Command | Spotted M Guard 13226 | -1/Command | Spotted M Guard 13233 | -1/Command | Warlord commented on Warlord statues 13242 | -1/Command | Spotted Combat Programmer 13242 | -1/Command | Spotted Combat Programmer 13253 | -1/Command | Warlord destroyed during the assault 13483 | -1/Command | Lost 4 allies 13597 | -1/Command | Discovered new exit (range 12) 13607 | -1/Command | Disengaged cave seal 13607 | -1/Command | Derelicts emerged from the dark tunnel 13621 | -1/Command | Lost 3 parts (1p2n) 13634 | -1/Command | Found Fusion Bomb Launcher 13642 | -1/Command | Spotted B-99 Colossus 13707 | -1/Command | Lost 5 allies 13716 | -1/Command | Lost 5 parts (4n1u) 13808 | -1/Command | Met MAIN.C 13817 | -1/Command | System corruption reached 10% 13821 | -1/Command | Core integrity fell below 50% 13833 | -1/Command | Core integrity fell below 20% 13841 | -1/Command | Destroyed by H-88 Terminator with KE Penetrator Last Messages --------------- System corrupted: Matter fused (-9). The unstable cave ceiling collapses. EMDS Slug penetrates Wall. Penetrated by EMDS Slug. EMDS Slug penetrates Wall. Penetrated by EMDS Slug. Penetrated by Slug. Slug penetrates Earth. EMDS Slug penetrates Wall. Penetrated by EMDS Slug. Slug penetrates G-73 Enforcer. Penetrated by Slug. EMDS Slug penetrates G-73 Enforcer. Combat Programmer resets G-73 Enforcer, system corruption cleaned. Acquired 6 matter. The unstable cave ceiling collapses. Slug penetrates Door. Penetrated by Slug. [Achievement: 30k Club] Map ----- +----------------------------------------------------+ | ???????#####????????????????# #+######## %# ! | | ???????# #????????????????# % " | | ???????# #????????????????# % %%+% | | ???????# #????????????????######### % # | | ???????# #????????????????????????# ###%##! | | ???????# #????????????????????????# #?# ## | | ???????# #????????????????????????# #?###### | | ???????# #????????????????????????# % #?###### | | ???????# #????????????????????????# % #? ! | | ???????# #???????????????????????## # | | ???????# #???????????????????????# % # | | ???????# #???????????????????????## % / | | ???????# #????????????????????????# % % # | | ???????# #????????????????????????# % ######## | | ??????## #????????????????????????# #??????? | | #####?# ###??????????????????????# %#??????? | | # # # ###?????????????????##?# #??????? | | ## # #?????????????????# ## %######?? | | ## #??????????????????# # +?? | | # #### #???????????????????# #?? | | # ## ##???###????????????## #?? | | #% ## # ###### #########????# #?? | | # ## ## # #????### % #?! | | # ### Wp pW W # W ######## #? | | # Y g ; # | | # Y gh @ + # | | # g % + % % / | | # % + % # | | # g + ^ / | | # % # W W W ######### # | | ######## ## # # #???????# %% # | | ???????############## #######???????# % # | | ????????????????????####?????????????# %%""" ### | | ?????????????????????????????????????#%^ "T ## | | ?????????????????????????????????????# """ + | | ?????????????????????????????????????# "" ## | | ?????????????????????????????????????# % ## | | ?????????????????????????????????????# ## | | ???????????????????????????########### ## | | ???????????????????????????# ## %######### | | ???????????????????????????# ## #####"### | | ???????????????????????????# !! ## %# # | | ???????????????????????????# ! ## # # | | ???????????????????????????# ! ## # "" # | | ???????????????????????????# ## # "" # | | ???????????????????????????# ## # T" # | | ???????????????????????????####+###### # "" # | | ?????????????????????????????# # "" # | | ?????????????????????????????# + # | | ?????????????????????????????# # # | +----------------------------------------------------+ Best States ------------- Heat Dissipation 71 Energy Generation 49 Energy Capacity 365 Matter Stores 300 Matter Capacity 300 Sight Range 24 Robot Scan Range 18 Terrain Scan Density 10 ECM Strength 2 Cloak Strength 3 Additional Mass Support 9 Armor Coverage 225 Propulsion Shielding 66 Phase Shifting 5 Evasion (%) 80 Targeting Accuracy 16 Target Analysis 10 Recoil Reduction 4 Offensive Hacking 74 Defensive Hacking 21 Item Schematics ----------------- Combat Drone Bay | -7/Data Miner | Free Lgt. Regenerative Plating | -7/Data Miner | Free Biomechanical Wings | -7/Data Miner | Free Thermal Defense Suite | -7/Data Miner | Free Imp. Heavy Machine Gun | -7/Data Miner | Free Field Propulsion Drive | -7/Data Miner | Free Imp. Weapon Cycler | -7/Data Miner | Free Mass Driver | -7/Data Miner | Free Imp. Medium Treads | -7/Data Miner | Free Imp. Focal Shield | -7/Data Miner | Free Field Propulsion Array | -7/Data Miner | Free Adv. Datajack | -7/Data Miner | Free Q-thruster | -4/Factory | Hacked Adv. Sensor Array | -4/Factory | Hacked Rocket Array | -4/Factory | Scanalyzed Imp. Plasma Cutter | -4/Factory | Scanalyzed Assault Drone Bay | -4/Zhirov | Free Exp. Heat Sink | -4/Zhirov | Free Exp. Optical Array | -4/Zhirov | Free Imp. Arc Thrower | -4/Zhirov | Free Robot Schematics ------------------ O-24 Administrator | -7/Data Miner | Free B-48 Gladiator | -7/Data Miner | Free S-27 Virus | -7/Data Miner | Free L-41 Fighter | -7/Data Miner | Free B-60 Warrior | -7/Data Miner | Free X-62 Marksman | -7/Data Miner | Free Fabricated ------------ Nothing Alien Tech Used ----------------- Integrated Reactor Achievements -------------- 30k Club Party Time Challenges ------------ None Game ------ Seed DirtyOpticalWell Manual? 0 Play Time 03:19:07 Cumulative 85.5 hours Start 2025.01.03 @ 21:21:53 End 2025.01.04 @ 01:35:07 Sessions 1 Manual Loads 0 Difficulty Rogue Special Mode None Game No. 87 Rogue 87 Adventurer 0 Explorer 0 Win Type - Total 1 Types 1/0/0/0/0/0/0/0/0 Lore% 52 Gallery% 44 Achievement% 44 Wizard Run 0 Options --------- Layout 1 ASCII 0 Keyboard 0 Movement Mouse Keybinds 0 Fullscreen 1 Font 24/Smallcaps Map View 50x35 Zoom Use 0% Tactical HUD 0 Map Filters NONE Filters NONE Steam 1 RUN: 1bd33687-00a0-421d-bb01-41fbea32e542